 Dungeon Crawl Stone Soup version 0.28.0-43-g3370ac3207 (webtiles) character file.

Game seed: 16558346487388803939

76 croobank the Firebug (level 4, -5/32 HPs)
             Began as a Gnoll Fire Elementalist on Mar 29, 2022.
             Slain by Crazy Yiuf
             ... wielding a +4 quarterstaff of chaos
              (11 damage)
             ... on level 2 of the Dungeon.
             The game lasted 00:04:30 (1780 turns).

croobank the Firebug (Gnoll Fire Elementalist)      Turns: 1780, Time: 00:04:30

Health: -5/32      AC:  2    Str:  7    XL:     4   Next: 32%
Magic:  11/11      EV: 13    Int: 16    God:
Gold:   22         SH:  0    Dex: 13    Spells: 10/13 levels left

rFire   . . .      SeeInvis .   e - +0 war axe
rCold   . . .      Faith    .   (no shield)
rNeg    . . .      Spirit   .   a - +0 robe
rPois   .          Reflect  .   (no helmet)
rElec   .          Harm     .   (no cloak)
rCorr   .          Rampage  .   (no gloves)
Will    .....                   (no boots)
Stlth   +++.......              (no amulet)
HPRegen 0.10/turn               (no ring)
MPRegen 0.12/turn               (no ring)

@: mighty, brilliant
A: fangs 1, strong nose, distributed training
a: no special abilities


You were on level 2 of the Dungeon.
You visited 1 branch of the dungeon, and saw 2 of its levels.

You collected 58 gold pieces.
You spent 36 gold pieces at shops.

Inventory:

Hand Weapons
 e - a +0 war axe (weapon)
Missiles
 d - 39 arrows
 h - 6 atropa-tipped darts (quivered)
Armour
 a - a +0 robe (worn)
Scrolls
 f - a scroll of amnesia {unknown}
 g - 2 scrolls of holy word {unknown}


   Skills:
 + Level 1.1 Fighting
 + Level 1.1 Short Blades
 + Level 1.1 Long Blades
 + Level 1.1 Axes
 + Level 1.1 Maces & Flails
 + Level 1.1 Polearms
 + Level 1.1 Staves
 + Level 1.1 Slings
 + Level 1.1 Bows
 + Level 1.1 Crossbows
 + Level 1.1 Throwing
 + Level 1.1 Armour
 + Level 4.6 Dodging
 + Level 4.2 Stealth
 + Level 1.1 Shields
 + Level 1.1 Unarmed Combat
 + Level 5.0 Spellcasting
 + Level 2.2 Conjurations
 + Level 0.8 Hexes
 + Level 0.8 Summonings
 + Level 0.8 Necromancy
 + Level 0.8 Translocations
 + Level 0.8 Transmutations
 + Level 5.4 Fire Magic
 + Level 0.8 Ice Magic
 + Level 0.8 Air Magic
 + Level 0.8 Earth Magic
 + Level 0.8 Poison Magic
 + Level 1.2 Invocations
 + Level 1.1 Evocations


You had 10 spell levels left.
You knew the following spells:

 Your Spells              Type           Power      Damage    Failure   Level
a - Foxfire               Conj/Fire      96%        2x1d8     3%          1
b - Scorch                Fire           64%        2d8       2%          2

Your spell library contained the following spells:

 Spells                   Type           Power      Damage    Failure   Level
 Conjure Flame            Conj/Fire      24%        6-21      10%         3
 Sandblast                Erth           20%        2d7       11%         1
 Inner Flame              Hex/Fire       21%        N/A       12%         3
 Passwall                 Tmut/Erth      8%         N/A       16%         2
 Stone Arrow              Conj/Erth      26%        3d8       24%         3
 Flame Wave               Conj/Fire      24%        2d7       30%         4


Dungeon Overview and Level Annotations

Branches:
Dungeon (2/15)

Altars:
Cheibriados

Shops:
D:2 =(*

Annotations:
D:2 Crazy Yiuf, Natasha


Innate Abilities, Weirdness & Mutations

You have very sharp teeth.
Your uncanny sense of smell can sniff out nearby items.
Your experience applies equally to all skills.


Message History

You open the door.
You see here a rat skeleton.
A giant cockroach comes into view.
Casting: Scorch (safe; 2% risk of failure)
Confirm with . or Enter, or press ? or * to list all spells.
You conjure some foxfire!
The foxfire hits the giant cockroach.
You kill the giant cockroach!
Your foxfire dissipates!
You open the door.
There is an open door here.
Found a stone staircase leading up.
d - 39 arrows (gained 11)
Found a mace.
Found a runed translucent door.
Okay, then.
Crazy Yiuf shouts!
It was a potion of curing.
You feel better.
It was a potion of brilliance.
You feel clever all of a sudden.
It was a potion of might.
You feel very mighty all of a sudden.
Crazy Yiuf says, "Shower alas horse!"
Natasha, Servant of Life and Death comes into view.
Casting: Foxfire (safe; 3% risk of failure)
Confirm with . or Enter, or press ? or * to list all spells.
You can't see any susceptible monsters within range! (Use Z to cast anyway.)
You open the door. You hit Crazy Yiuf.
Crazy Yiuf is moderately wounded.
Crazy Yiuf completely misses you.
You hit Crazy Yiuf.
Crazy Yiuf is heavily wounded.
Crazy Yiuf hits you with a +4 quarterstaff of chaos!
Crazy Yiuf freezes you.
Crazy Yiuf hits you with a +4 quarterstaff of chaos!
* * * LOW HITPOINT WARNING * * *
You hit Crazy Yiuf.
Crazy Yiuf is heavily wounded.
Crazy Yiuf hits you with a +4 quarterstaff of chaos!
You die...

...##.#
#....#...#
#...)......
##.##.#
#....#...#
#..........
#.##.# #....#...#
#..........
#....# ##########
###........
##.##.# ##.######
...##.#### #.#
.........# ###
♣♣###.#
#.########
#)..#♣♣ ♣♣.....#
#.#
#...g@♣♣♣♣......#
#.#
#...#♣..♣.P....##
#.# ###
♣♣♣.♣.P..## #.#
♣♣♣♣♣### #.# #.#
### #.# #.#
#.###########.#
#.............#


You could see Crazy Yiuf.

Vanquished Creatures
  Natasha (D:2)
  A hound skeleton (D:2)
  A worm (D:2)
  A dart slug (D:1)
  2 bats (D:1)
  2 endoplasms
  4 giant cockroaches
  2 goblins (D:2)
  7 hobgoblins
  5 ball pythons
  4 frilled lizards
  A kobold (D:1)
  3 rats
34 creatures vanquished.

Vanquished Creatures (others)
  50 foxfires
50 creatures vanquished.

Grand Total: 84 creatures vanquished

Notes
Turn   | Place    | Note
-------+----------+-------------------------------------------
     0 | D:1      | croobank the Gnoll Fire Elementalist began the quest for
                  | the Orb.
     0 | D:1      | Reached XP level 1. HP: 13/13 MP: 6/6
   247 | D:1      | Reached XP level 2. HP: 19/19 MP: 4/7
   250 | D:1      | Learned a level 2 spell: Scorch
  1017 | D:2      | Found Plog's Assorted Antiques.
  1106 | D:2      | Reached XP level 3. HP: 25/25 MP: 6/9
  1154 | D:2      | Reached skill level 5 in Spellcasting
  1164 | D:2      | Noticed Natasha
  1169 | D:2      | Killed Natasha
  1170 | D:2      | Reached skill level 1 in Fighting
  1170 | D:2      | Reached skill level 1 in Short Blades
  1170 | D:2      | Reached skill level 1 in Long Blades
  1170 | D:2      | Reached skill level 1 in Axes
  1170 | D:2      | Reached skill level 1 in Maces & Flails
  1170 | D:2      | Reached skill level 1 in Polearms
  1170 | D:2      | Reached skill level 1 in Staves
  1170 | D:2      | Reached skill level 1 in Slings
  1170 | D:2      | Reached skill level 1 in Bows
  1170 | D:2      | Reached skill level 1 in Crossbows
  1170 | D:2      | Reached skill level 1 in Throwing
  1170 | D:2      | Reached skill level 1 in Armour
  1170 | D:2      | Reached skill level 1 in Shields
  1170 | D:2      | Reached skill level 1 in Unarmed Combat
  1170 | D:2      | Reached skill level 1 in Invocations
  1170 | D:2      | Reached skill level 1 in Evocations
  1262 | D:2      | Reached XP level 4. HP: 32/32 MP: 6/11
  1317 | D:2      | Found a snail-covered altar of Cheibriados.
  1323 | D:2      | Found Folo's Jewellery Shop.
  1396 | D:2      | Found Osah Puwn's Antique Armour Shoppe.
  1402 | D:2      | Found Jumirchun's Weapon Emporium.
  1444 | D:2      | Bought 6 atropa-tipped darts for 36 gold pieces
  1734 | D:2      | Found a runed translucent door.
  1735 | D:2      | Noticed Crazy Yiuf
  1758 | D:2      | Noticed Natasha
  1780 | D:2      | Slain by Crazy Yiuf

Illustrated notes

Levels and vault maps discovered:
D:1:      lemuel_arrival_funnel, layout_loops_ring, minmay_circled_x
D:2:      layout_basic, basic_altar, serial_shops, shop, shop,
          nicolae_shop_temple_entry_statues_fountains, shop, shop,
          uniq_crazy_yiuf_cottage, uniq_natasha

Skill      XL: |  1  2  3 |
---------------+----------+-----
Conjurations   | 2 |  2.2
Spellcasting   | 5 |  5.0
Fighting       | 1 |  1.1
Short Blades   | 1 |  1.1
Long Blades    | 1 |  1.1
Axes           | 1 |  1.1
Maces & Flails | 1 |  1.1
Polearms       | 1 |  1.1
Staves         | 1 |  1.1
Slings         | 1 |  1.1
Bows           | 1 |  1.1
Crossbows      | 1 |  1.1
Throwing       | 1 |  1.1
Armour         | 1 |  1.1
Shields        | 1 |  1.1
Unarmed Combat | 1 |  1.1
Invocations    | 1 |  1.2
Evocations     | 1 |  1.1
Dodging        | |  4.6
Stealth        | |  4.2
Hexes          | |  0.8
Summonings     | |  0.8
Necromancy     | |  0.8
Translocations | |  0.8
Transmutations | |  0.8
Fire Magic     | |  5.4
Ice Magic      | |  0.8
Air Magic      | |  0.8
Earth Magic    | |  0.8
Poison Magic   | |  0.8

Action                   |  1- 3 |  4- 6 || total
-------------------------+-------+-------++-------
Melee: Unarmed           |     2 |       ||     2
       War axe           |     2 |     3 ||     5
 Cast: Foxfire           |    22 |     8 ||    30
       Scorch            |     8 |     2 ||    10
  Use: Potion            |       |     3 ||     3
 Stab: Sleeping          |     1 |       ||     1
Armor: Robe              |     1 |       ||     1
Dodge: Dodged            |     5 |     1 ||     6
